Unix NetHack Version 5.0.0-0 post-release - last build Jun 10 2026 00:39:30 (3ee93aec679c4c4259841fe613dc97188e26a321,branch:main).

Game began 2026-06-12 14:58:33, ended 2026-06-12 15:10:09.

DaveT, lawful male human Priest

                                                          ############@
                                                                      #o#
                                                                       -|---
                                                                       |*..|
                                        -----+-.---                    |.o`|
                                        |.........|                    |...|
                                        |.........|   #                |...|
                                        ..........|#####            ###....|
                                        |.<.......|#  #--+-----######  -----
                                        -----.-----#  #|>......#
                                             #######  #.......|
                                                       --------

DaveT the Acolyte            St:13 Dx:12 Co:14 In:12 Wi:18 Ch:9  Lawful
Dlvl:7  $:106 HP:0(36) Pw:72(72) AC:5  Xp:5 T:2585 

Latest messages:
 You find a hidden passage.
 It bites!
 You kill it!
 Welcome to experience level 5.
 It bites!
 It bites!
 It bites!
 It misses!
 It bites!
 It bites!
 You hit it.
 It bites!
 It bites!
 You feel agile!
 You must have been working on your reflexes.
 You kill it!
 You try to feel what is lying here on the floor.
 You feel here a scroll.
 P - a scroll.
 You hear water falling on coins.
 You can see again.
 What do you want to read? [mP or ?*] P
 As you read the scroll, it disappears.
 A lit field surrounds you!
 You see here 9 gold pieces.
 $ - 9 gold pieces (93 in total).
 You descend the stairs.
 You see here 13 gold pieces.
 $ - 13 gold pieces (106 in total).
 You climb up the stairs.
 There's some graffiti on the floor here.
 You read: "Telepa?hy  s j?st a tri?|.  on?e yo? know how t? co it, it's easy."
 A trap door in the ceiling opens and a rock falls on your head!
 Fortunately, you are wearing a hard helmet.
 The door opens.
 You miss the spotted jelly.
 You hit the spotted jelly!
 You miss the spotted jelly.
 You hit the spotted jelly!
 You are splashed by the spotted jelly's acid!
 Your mace corrodes!
 The hill orc thrusts her crude dagger.
 The hill orc hits!
 You hit the hill orc!
 The hill orc thrusts her crude dagger.
 The hill orc hits!
 You die...
 Do you want your possessions identified? [ynq] (y) y
 Do you want to see your attributes? [ynq] (y) y
 Do you want an account of creatures vanquished? [ynaq] (y) q

Inventory:
 Coins    ('$')
  $ - 106 gold pieces
 Weapons  (')')
  O - 7 cursed +0 arrows
  z - 3 +0 darts
  t - a +0 orcish dagger
  i - a +0 spear
  a - a blessed corroded +6 mace (weapon in right hand)
 Armor    ('[')
  u - a +0 orcish helm (being worn)
  c - a +0 small shield (being worn)
  I - a +0 mummy wrapping
  b - a blessed +1 robe (being worn)
 Comestibles  ('%')
  e - a clove of garlic
  f - a sprig of wolfsbane
 Spellbooks  ('+')
  m - a spellbook of healing
 Rings    ('=')
  j - a cursed ring of invisibility
 Tools    ('(')
  H - a skeleton key
 Gems/Stones  ('*')
  K - a worthless piece of red glass
  G - a worthless piece of white glass
  w - a worthless piece of yellowish brown glass

DaveT the Priest's attributes:

Background:
 You were an Acolyte, a level 5 human Priest.
 You were lawful, on a mission for Tyr
 who was opposed by Odin (neutral) and Loki (chaotic).
 You were right-handed.
 You were in the Dungeons of Doom, on level 7.
 You entered the dungeon 2585 turns ago.
 You had 179 experience points, 141 more were needed to attain level 6.

Basics:
 You had 0 out of 36 hit points.
 You had all 72 energy points (spell power).
 Your armor class was 5.
 Your wallet contained 106 zorkmids.
 Autopickup was off.

Final Characteristics:
 Your strength was 13 (limit:18/100).
 Your dexterity was 12 (limit:18).
 Your constitution was 14 (limit:18).
 Your intelligence was 12 (limit:18).
 Your wisdom was 18 (limit:18).
 Your charisma was 9 (limit:18).

Final Status:
 You weren't hungry.
 You were unencumbered.
 You were wielding a mace.
 You had basic skill with mace.

Final Attributes:
 You were piously aligned.
 You saw invisible.
 You were guarded.
 Your spell casting was enhanced by wearing a robe.
 You are dead.

Miscellaneous:
 You didn't encounter any bones levels.
 Total elapsed playing time was 11 minutes and 35 seconds.

Major events:
 Turn
    1: DaveT the lawful human Priest entered the dungeon
  546: entered the Gnomish Mines
 1009: attained the rank of Acolyte (level 3)
 2585: killed by a hill orc

Spells:
 Name                 Level Category     Fail Retention
 detect monsters        1   divination     0%  76%-100%
 protection             1   clerical       0%   81%-90%

Skills:
 Fighting Skills
   bare handed combat [Unskilled]
 Weapon Skills
   club               [Unskilled]
   mace               [Basic]
   morning star       [Unskilled]
   flail              [Unskilled]
   hammer             [Unskilled]
   quarterstaff       [Unskilled]
   polearms           [Unskilled]
   spear              [Unskilled]
   trident            [Unskilled]
   lance              [Unskilled]
   bow                [Unskilled]
   sling              [Unskilled]
   crossbow           [Unskilled]
   dart               [Unskilled]
   shuriken           [Unskilled]
   boomerang          [Unskilled]
   unicorn horn       [Unskilled]
 Spellcasting Skills
   healing spells     [Unskilled]
   divination spells  [Unskilled]
   clerical spells    [Basic]

Voluntary challenges:
 Character rerolling was not enabled.
 You never genocided any monsters.
 You never polymorphed an object.
 You never changed form.
 You used no wishes.
Achievements:
 You entered a shop.
 You entered the Gnomish Mines.
 You attained the rank of Acolyte.

 The Dungeons of Doom: levels 1 to 8
    Level 1:
       A grave.
    Level 2:
       A general store.
       Stairs down to The Gnomish Mines.
    Level 3:
       A general store, an altar to Tyr, a fountain.
    Level 4:
       An altar, a fountain.
    Level 5: "vault door in SE"
       Some fountains.
    Level 6:
    Level 7: <- You were here.
       Final resting place for
          you, killed by a hill orc.
    Level 8:
 The Gnomish Mines:
    Level 3:


Vanquished creatures:
  a yellow light
  a kobold mummy
  2 giant ants
  a little dog
  2 floating eyes
  a kobold leader
  a kobold shaman
  a rothe
  a rabid rat
  a wererat
 an iguana
  a coyote
  a brown mold
  a gnome zombie
  a gecko
  3 jackals
  2 foxes
  2 kobolds
  a goblin
  6 grid bugs
  a bat
  a lichen
  a kobold zombie
  8 newts
42 creatures vanquished.

No species were genocided or became extinct.

Game over:
                       ----------
                      /          \
                     /    REST    \
                    /      IN      \
                   /     PEACE      \
                  /                  \
                  |      DaveT       |
                  |      106 Au      |
                  | killed by a hill |
                  |       orc        |
                  |                  |
                  |                  |
                  |       2026       |
                 *|     *  *  *      | *
        _________)/\\_//(\/(/\)/\//\/|_)_______

Goodbye DaveT the Priest...

You died in The Dungeons of Doom on dungeon level 7 with 1232 points,
and 106 pieces of gold, after 2585 moves.
You were level 5 with a maximum of 36 hit points when you died.

